 Dungeon Crawl Stone Soup version 0.32-a0-136-gc02482bde3 (webtiles) character file.

Game seed: 12123072139766272425

20010 cforsyth the Fighter (level 13, -11/106 HPs)
             Began as a Djinni Hexslinger on Feb 10, 2024.
             Was an Elder of the Shining One.
             Mangled by a minotaur (27 damage)
             ... in a Gauntlet.
             The game lasted 00:42:16 (15913 turns).

cforsyth the Fighter (Djinni Hexslinger)           Turns: 15913, Time: 00:42:17

Health: -11/106    AC: 12    Str:  7    XL:     13   Next: 9%
Gold:   1838       EV: 12    Int: 19    God:    the Shining One [****..] SH:  0 Dex: 17

rFire   + + .        a - staff of air {!a}
rCold   x . .        (no shield)
rNeg    + + +        E - +0 troll leather armour
rPois   ∞            d - +2 helmet
rElec   +            B - +2 cloak
rCorr   .            j - +2 pair of gloves {infuse}
SInv    +            (boots unavailable)
Will    +....        A - amulet of regeneration
Stlth   +            N - ring of positive energy
HPRegen 1.97/turn    v - ring of see invisible
MPRegen 0.00/turn

%: no teleportation, infuse magic (-12 HP)
@: attractive, flying, glowing
A: sickness immunity, fire resistance 2, cold vulnerability 1, float, innate
caster, HP casting, extra vitality 1
a: Renounce Religion, Divine Shield, Cleansing Flame


You were in a Gauntlet.
You worshipped the Shining One.
The Shining One was greatly pleased with you.
You visited 2 branches of the dungeon, and saw 13 of its levels.
You also visited: Sewer, Bailey and Gauntlet.

You collected 1838 gold pieces.


Innate Abilities, Weirdness & Mutations

You are immune to sickness and miasma.
You are immune to poison.
Your flesh is very heat resistant. (rF++)
You are vulnerable to cold. (rC-)
You float through the air rather than walking.
You learn spells naturally, not from books.
Your magical power is your life essence.
You have superior vitality. (+4 MHP)


   Skills:
 + Level 14.9 Fighting
 - Level 1.5 Ranged Weapons
 - Level 2.1 Dodging
 + Level 11.7 Spellcasting
 + Level 11.7 Conjurations
 + Level 11.7 Hexes
 + Level 11.7 Summonings
 + Level 11.7 Necromancy
 + Level 11.7 Translocations
 + Level 11.7 Fire Magic
 + Level 11.7 Ice Magic
 + Level 11.7 Air Magic
 + Level 11.7 Earth Magic
 + Level 11.7 Alchemy


You knew the following spells:

 Your Spells              Type           Power      Damage    Failure   Level
a - Iskenderun's Mystic   Conj/Tloc      53%        2d11      1%          4
b - Animate Armour        Summ/Erth      100%       N/A       1%          4
c - Cause Fear            Hex            26%        N/A       1%          4
f - Inner Flame           Hex/Fire       53%        N/A       1%          3
i - Iskenderun's Battles  Conj           53%        2d10      2%          5
s - Searing Ray           Conj           100%       2d8       1%          2
z - Shock                 Conj/Air       100%       1d9       1%          1
B - Blink                 Tloc           100%       N/A       1%          2
X - Jinxbite              Hex            100%       N/A       1%          2
Y - Sigil of Binding      Hex            53%        N/A       1%          3
Z - Dimensional Bullseye  Hex/Tloc       26%        N/A       1%          4
Your spell library was empty.

Inventory:

Hand Weapons
 D - the +6 shillelagh "Devastator" {shatter}
   (You found it on level 9 of the Dungeon)
Missiles
 m - 2 throwing nets {=f}
Armour
 d - a +2 helmet (worn)
 j - a +2 pair of gloves of infusion (worn)
 B - a +2 cloak (worn)
 E - a +0 troll leather armour (worn)
 G - a +2 helmet
 H - the scarf "Ysynkasm" {shadows, Stlth+}
   (You found it in a Gauntlet)

   Stlth+:    It makes you more stealthy.
Magical Staves
 a - a staff of air (weapon) {!a}
Jewellery
 v - a ring of see invisible (right hand)
 A - an amulet of regeneration (around neck)
 F - a ring of fire
 N - a ring of positive energy (left hand)
 Y - a +4 ring of slaying
Wands
 l - a wand of paralysis (7)
 n - a wand of iceblast (7)
 q - a wand of flame (15)
 C - a wand of digging (5)
Scrolls
 b - 2 scrolls of poison
 c - a scroll of fog
 e - a scroll of blinking
 g - 2 scrolls of torment
 k - 5 scrolls of teleportation {@r2}
 x - 2 scrolls of butterflies
 y - a scroll of noise
 I - 2 scrolls of fear
Potions
 f - a potion of attraction
 h - 2 potions of enlightenment
 i - 2 potions of invisibility {unknown}
 o - 2 potions of curing {@q1}
 p - a potion of resistance {unknown}
 r - 3 potions of haste {unknown}
 s - a potion of ambrosia {unknown}
 t - a potion of lignification {unknown}
 u - 2 potions of heal wounds {unknown}
 w - 7 potions of mutation {unknown}
 z - 2 potions of might

Dungeon Overview and Level Annotations

Branches:
Dungeon (12/15)            Temple (1/1) D:7            Lair (0/5) D:8
    Orc (0/2) D:9           Sewer (visited)          Bailey (visited)
Gauntlet (1/1)

Altars:
Ashenzari
Cheibriados
Dithmenos
Elyvilon
Fedhas
Gozag
Hepliaklqana
Makhleb
Nemelex Xobeh
Okawaru
Qazlal
Ru
Trog
Uskayaw
Wu Jian
Xom
Yredelemnul
Zin
The Shining One

Shops:
D:6 (

Annotations:
D:7 1 runed translucent door, Crazy Yiuf Gauntlet 8 transporters, 5 runed translucent doors, exclusions: ice statue, 2 lightning spires and orange crystal statue

▒▒§.▒)
▒▒▒▒▒▒▒▒▒▒▓▓▒§..▒.
▒▒▒▒........▒.▓▓▒..▒▒
▒....▓▓.▓▓▓▒▒..▓▒....
▒.▓▓▓▓....▓.▒...▒..▒▒
▒.▓....░░.▓.▒...▒..▒.
▒.▓.░░░░░.▓.▒.©.▒ß.▒h
▒.▓.░⌠.⌠░.▓.▒...▒..▒h
▒.▓.@H§.░.▓...©.▒∩.▒©
▒.▓▓░⌠.⌠░.▓.▒...▒..▒[
▒.▓.░░░░░.▓.▒.©.▒ß.▒?
▒.▓....░░.▓.▒...▒..▒I
▒.▓▓▓▓....▓.▒...▒..▒▒
▒....▓▓▓▓▓▓.▒..▓▒....
▒▒▒▒........▒.▓▓▒..▒▒
▒▒▒▒▒▒▒▒▒▒▓▓▒§..▒.
▒▒§.▒▒


You could see a minotaur (inner flame).


Message History

Unknown command.
Casting: Iskenderun's Mystic Blast (mildly dangerous; 1% risk of failure)
Confirm with . or Enter, or press ? or * to list all spells.
You erupt in a blast of force!
The mystic blast hits the minotaur!
Flame seeps out of the minotaur.
The minotaur is severely wounded.
The minotaur is knocked back by the mystic blast.
The minotaur slams into the crystal wall!
* * * LOW HITPOINT WARNING * * *
The minotaur is attracted toward you.
Unknown command.
Casting: Iskenderun's Mystic Blast (mildly dangerous; 1% risk of failure)
Confirm with . or Enter, or press ? or * to list all spells.
You erupt in a blast of force!
The mystic blast hits the minotaur!
Flame seeps out of the minotaur.
The minotaur is almost dead.
The minotaur is knocked back by the mystic blast.
The minotaur slams into the crystal wall!
* * * LOW HITPOINT WARNING * * *
The minotaur is attracted toward you.
Unknown command.
Unknown command.
Casting: Iskenderun's Mystic Blast (mildly dangerous; 1% risk of failure)
Confirm with . or Enter, or press ? or * to list all spells.
You erupt in a blast of force!
The mystic blast hits the minotaur but does no damage.
The minotaur is almost dead.
* * * LOW HITPOINT WARNING * * *
The minotaur hits you!!
You die...

Skill      XL: |  1  2  3  4  5  6  7  8  9 10 11 12 |
---------------+-------------------------------------+-----
Spellcasting   | 3 4 5 6 7 9 10 11 | 11.7
Conjurations   | 3 4 5 6 7 9 10 11 | 11.7
Hexes          | 3 4 5 6 7 9 10 11 | 11.7
Summonings     | 3 4 5 6 7 9 10 11 | 11.7
Necromancy     | 3 4 5 6 7 9 10 11 | 11.7
Translocations | 3 4 5 6 7 9 10 11 | 11.7
Fire Magic     | 3 4 5 6 7 9 10 11 | 11.7
Ice Magic      | 3 4 5 6 7 9 10 11 | 11.7
Air Magic      | 3 4 5 6 7 9 10 11 | 11.7
Earth Magic    | 3 4 5 6 7 9 10 11 | 11.7
Alchemy        | 3 4 5 6 7 9 10 11 | 11.7
Fighting       | 2 3 4 5 7 9 11 13 14 | 14.9
Ranged Weapons | |  1.5
Dodging        | |  2.1

Action                     |  1- 3 |  4- 6 |  7- 9 | 10-12 | 13-15 || total
---------------------------+-------+-------+-------+-------+-------++-------
   Fire: Sling             |    56 |       |       |       |       ||    56
   Cast: Jinxbite          |     1 |       |       |       |       ||     1
         Shock             |    17 |    91 |   208 |   226 |       ||   542
         Inner Flame       |     2 |    14 |   112 |   166 |     2 ||   296
         Searing Ray       |       |       |     4 |     7 |       ||    11
         Iskenderun's Myst |       |       |     1 |   102 |    16 ||   119
         Animate Armour    |       |       |       |     1 |       ||     1
  Evoke: Wand              |       |       |       |     5 |       ||     5
    Use: Scroll            |       |       |    13 |    10 |       ||    23
         Potion            |       |       |       |     6 |     1 ||     7
 Armour: Robe              |    12 |    10 |    46 |    74 |       ||   142
         Troll leather arm |       |       |       |    21 |    15 ||    36
  Dodge: Dodged            |    11 |    14 |    26 |    52 |     1 ||   104

Levels and vault maps discovered:
D:1:      minmay_arrival_jagged, layout_basic, dreamdust_ecumenical_altar_grove
D:2:      layout_basic
D:3:      lemuel_castle_with_subvaults [lemuel_castle_interior_original],
          layout_loops_ring, mainiacjoe_overflow_24_doors,
          kennysheep_generic_room_2
D:4:      layout_rooms, mainiacjoe_overflow_big_doors, serial_library,
          serial_library_hellmonk_room_a, serial_library_hellmonk_small_alcove,
          serial_library_hellmonk_room_a,
          serial_library_regret_index_split_case,
          serial_library_hellmonk_h_bend, uniq_ijyb
D:5:      layout_basic, corexii_hall_statues_x
D:6:      layout_loops_ring, kennysheep_little_box, fedhas_ov_isle_minmay,
          led_xom_imps, serial_shops, shop, cheibrodos_sewer_entry_bend,
          uniq_grinder
D:7:      layout_loops_cross, minmay_temple_entry_wispy,
          uniq_crazy_yiuf_cottage, uniq_menkaure
D:8:      layout_loops_cross, minmay_lair_entry_grove, uniq_psyche, uniq_grum
D:9:      layout_roguey, mainiacjoe_overflow_cross_hatched, zombieorc2_lemuel,
          enter_bailey_5, dilly_guarded_unrand_devastator
D:10:     layout_stronghold
D:11:     layout_long_grid, hangedman_decor_growths
D:12:     layout_basic, gauntlet_entry_generic
Temple:   nicolae_temple_superstar
Gauntlet: gammafunk_gauntlet_mixed_choke_point
          [minmay_gauntlet_arena_77_broken_ladder,
          minmay_gauntlet_arena_77_hold_the_fort,
          minmay_gauntlet_arena_77_run_for_it,
          gammafunk_gauntlet_arena_chambers, minmay_gauntlet_arena_77_two_lines,
          minmay_gauntlet_arena_77_shame_cube, minmay_gauntlet_arena_77_mirror,
          dreamdust_gauntlet_exit_labyrinth]

Notes
Turn   | Place    | Note
-------+----------+-------------------------------------------
     0 | D:1      | cforsyth the Djinni Hexslinger began the quest for the Orb.
     0 | D:1      | cforsyth set off with the following spells memorised:
                  | Jinxbite, Sigil of Binding, Inner Flame, Cause Fear,
                  | Dimensional Bullseye.
     0 | D:1      | Reached XP level 1. HP: 17/17 MP: 0/0
   102 | D:1      | Found a faded altar of an unknown god.
   271 | D:1      | Reached XP level 2. HP: 22/22 MP: 0/0
   518 | D:1      | HP: 2/22 [quokka (2)]
   977 | D:2      | Reached skill level 3 in Spellcasting
   977 | D:2      | Reached skill level 3 in Conjurations
   977 | D:2      | Reached skill level 3 in Hexes
   977 | D:2      | Reached skill level 3 in Summonings
   977 | D:2      | Reached skill level 3 in Necromancy
   977 | D:2      | Reached skill level 3 in Translocations
   977 | D:2      | Reached skill level 3 in Fire Magic
   977 | D:2      | Reached skill level 3 in Ice Magic
   977 | D:2      | Reached skill level 3 in Air Magic
   977 | D:2      | Reached skill level 3 in Earth Magic
   977 | D:2      | Reached skill level 3 in Alchemy
  1152 | D:2      | Reached skill level 2 in Fighting
  1152 | D:2      | Reached XP level 3. HP: 27/28 MP: 0/0
  1152 | D:2      | Learned a level 1 spell: Shock
  1596 | D:2      | Reached XP level 4. HP: 26/34 MP: 0/0
  1966 | D:3      | Reached skill level 3 in Fighting
  2065 | D:3      | Found a basalt altar of Yredelemnul.
  2181 | D:3      | Reached XP level 5. HP: 38/40 MP: 0/0
  2181 | D:3      | Learned a level 2 spell: Searing Ray
  2692 | D:3      | Noticed an ogre
  2729 | D:3      | Reached skill level 4 in Fighting
  2729 | D:3      | Reached skill level 4 in Spellcasting
  2729 | D:3      | Reached skill level 4 in Conjurations
  2729 | D:3      | Reached skill level 4 in Hexes
  2729 | D:3      | Reached skill level 4 in Summonings
  2729 | D:3      | Reached skill level 4 in Necromancy
  2729 | D:3      | Reached skill level 4 in Translocations
  2729 | D:3      | Reached skill level 4 in Fire Magic
  2729 | D:3      | Reached skill level 4 in Ice Magic
  2729 | D:3      | Reached skill level 4 in Air Magic
  2729 | D:3      | Reached skill level 4 in Earth Magic
  2729 | D:3      | Reached skill level 4 in Alchemy
  2729 | D:3      | Reached XP level 6. HP: 31/47 MP: 0/0
  2754 | D:3      | Killed an ogre
  2993 | D:3      | Reached XP level 7. HP: 35/53 MP: 0/0
  2993 | D:3      | Learned a level 2 spell: Blink
  3323 | D:3      | Reached skill level 5 in Fighting
  3982 | D:3      | Reached skill level 5 in Spellcasting
  3982 | D:3      | Reached skill level 5 in Conjurations
  3982 | D:3      | Reached skill level 5 in Hexes
  3982 | D:3      | Reached skill level 5 in Summonings
  3982 | D:3      | Reached skill level 5 in Necromancy
  3982 | D:3      | Reached skill level 5 in Translocations
  3982 | D:3      | Reached skill level 5 in Fire Magic
  3982 | D:3      | Reached skill level 5 in Ice Magic
  3982 | D:3      | Reached skill level 5 in Air Magic
  3982 | D:3      | Reached skill level 5 in Earth Magic
  3982 | D:3      | Reached skill level 5 in Alchemy
  4073 | D:4      | Noticed Ijyb
  4077 | D:4      | Killed Ijyb
  4078 | D:4      | Reached XP level 8. HP: 54/61 MP: 0/0
  4167 | D:4      | Reached skill level 6 in Fighting
  4490 | D:4      | Found a stormy altar of Qazlal.
  4810 | D:5      | Entered Level 5 of the Dungeon
  5098 | D:5      | Reached skill level 7 in Fighting
  5487 | D:5      | Reached skill level 6 in Spellcasting
  5487 | D:5      | Reached skill level 6 in Conjurations
  5487 | D:5      | Reached skill level 6 in Hexes
  5487 | D:5      | Reached skill level 6 in Summonings
  5487 | D:5      | Reached skill level 6 in Necromancy
  5487 | D:5      | Reached skill level 6 in Translocations
  5487 | D:5      | Reached skill level 6 in Fire Magic
  5487 | D:5      | Reached skill level 6 in Ice Magic
  5487 | D:5      | Reached skill level 6 in Air Magic
  5487 | D:5      | Reached skill level 6 in Earth Magic
  5487 | D:5      | Reached skill level 6 in Alchemy
  6141 | D:6      | Found Womead's Antique Weapon Emporium.
  6148 | D:6      | Reached XP level 9. HP: 38/68 MP: 0/0
  6148 | D:6      | Learned a level 4 spell: Iskenderun's Mystic Blast
  6235 | D:6      | Reached skill level 8 in Fighting
  6240 | D:6      | Found a blossoming altar of Fedhas.
  6295 | D:6      | Found a glowing drain.
  6344 | Sewer    | Entered a sewer
  7215 | D:6      | Reached skill level 7 in Spellcasting
  7215 | D:6      | Reached skill level 7 in Conjurations
  7215 | D:6      | Reached skill level 7 in Hexes
  7215 | D:6      | Reached skill level 7 in Summonings
  7215 | D:6      | Reached skill level 7 in Necromancy
  7215 | D:6      | Reached skill level 7 in Translocations
  7215 | D:6      | Reached skill level 7 in Fire Magic
  7215 | D:6      | Reached skill level 7 in Ice Magic
  7215 | D:6      | Reached skill level 7 in Air Magic
  7215 | D:6      | Reached skill level 7 in Earth Magic
  7215 | D:6      | Reached skill level 7 in Alchemy
  7276 | D:6      | Noticed Grinder
  7279 | D:6      | Killed Grinder
  7325 | D:6      | Reached skill level 9 in Fighting
  7528 | D:6      | Found a broken altar of Ashenzari.
  7594 | D:6      | Found a shimmering altar of Xom.
  7939 | D:7      | Found a staircase to the Ecumenical Temple.
  8034 | Temple   | Entered the Ecumenical Temple
  8276 | D:7      | Found a runed translucent door.
  8277 | D:7      | Noticed Crazy Yiuf
  8368 | D:7      | Reached XP level 10. HP: 73/78 MP: 0/0
  8461 | D:7      | Noticed Menkaure
  8464 | D:7      | Killed Menkaure
  8862 | D:7      | Reached skill level 10 in Fighting
  9107 | D:8      | Reached skill level 8 in Spellcasting
  9107 | D:8      | Reached skill level 8 in Conjurations
  9107 | D:8      | Reached skill level 8 in Hexes
  9107 | D:8      | Reached skill level 8 in Summonings
  9107 | D:8      | Reached skill level 8 in Necromancy
  9107 | D:8      | Reached skill level 8 in Translocations
  9107 | D:8      | Reached skill level 8 in Fire Magic
  9107 | D:8      | Reached skill level 8 in Ice Magic
  9107 | D:8      | Reached skill level 8 in Air Magic
  9107 | D:8      | Reached skill level 8 in Earth Magic
  9107 | D:8      | Reached skill level 8 in Alchemy
  9297 | D:8      | HP: 2/80 [orc priest/divine providence (16)]
  9938 | D:8      | HP: 1/81 [spore (11)]
 10283 | D:8      | Reached skill level 11 in Fighting
 10484 | D:8      | Noticed Grum
 10495 | D:8      | Killed Grum
 10534 | D:8      | Found a staircase to the Lair.
 10624 | D:8      | Reached skill level 9 in Spellcasting
 10624 | D:8      | Reached skill level 9 in Conjurations
 10624 | D:8      | Reached skill level 9 in Hexes
 10624 | D:8      | Reached skill level 9 in Summonings
 10624 | D:8      | Reached skill level 9 in Necromancy
 10624 | D:8      | Reached skill level 9 in Translocations
 10624 | D:8      | Reached skill level 9 in Fire Magic
 10624 | D:8      | Reached skill level 9 in Ice Magic
 10624 | D:8      | Reached skill level 9 in Air Magic
 10624 | D:8      | Reached skill level 9 in Earth Magic
 10624 | D:8      | Reached skill level 9 in Alchemy
 10624 | D:8      | Reached XP level 11. HP: 78/87 MP: 0/0
 10624 | D:8      | Learned a level 4 spell: Animate Armour
 10984 | D:8      | Noticed Psyche
 10990 | D:8      | Killed Psyche
 11113 | D:9      | Identified a scroll of acquirement
 11113 | D:9      | Acquired 959 gold pieces
 11115 | D:9      | Found a glowing golden altar of the Shining One.
 11122 | D:9      | Became a worshipper of the Shining One
 11151 | D:9      | Reached * piety under the Shining One
 11245 | D:9      | Noticed a centaur warrior
 11373 | D:9      | Noticed a skeletal warrior
 11383 | D:9      | Noticed a skeletal warrior
 11385 | D:9      | Noticed a skeletal warrior
 11429 | D:9      | Reached ** piety under the Shining One
 11461 | D:9      | Killed a centaur warrior
 11462 | D:9      | Reached skill level 12 in Fighting
 11478 | D:9      | Reached *** piety under the Shining One
 11487 | D:9      | Found a staircase to the Orcish Mines.
 11521 | D:9      | Found a flagged portal.
 11528 | Bailey   | Entered a bailey
 11710 | Bailey   | Identified the +1 rapier "Duohyi" {spect, Str+3}
 12004 | Bailey   | Found a bloodstained altar of Trog.
 12373 | D:9      | Noticed a two-headed ogre
 12373 | D:9      | Found the +6 shillelagh "Devastator" {shatter}
 12391 | D:9      | Killed a two-headed ogre
 12874 | D:9      | Noticed a skeletal warrior
 12982 | D:9      | Killed a skeletal warrior
 12983 | D:9      | Reached skill level 10 in Spellcasting
 12983 | D:9      | Reached skill level 10 in Conjurations
 12983 | D:9      | Reached skill level 10 in Hexes
 12983 | D:9      | Reached skill level 10 in Summonings
 12983 | D:9      | Reached skill level 10 in Necromancy
 12983 | D:9      | Reached skill level 10 in Translocations
 12983 | D:9      | Reached skill level 10 in Fire Magic
 12983 | D:9      | Reached skill level 10 in Ice Magic
 12983 | D:9      | Reached skill level 10 in Air Magic
 12983 | D:9      | Reached skill level 10 in Earth Magic
 12983 | D:9      | Reached skill level 10 in Alchemy
 12985 | D:9      | Killed a skeletal warrior
 12986 | D:9      | Killed a skeletal warrior
 12987 | D:9      | Reached skill level 13 in Fighting
 12997 | D:9      | Killed a skeletal warrior
 12998 | D:9      | Reached XP level 12. HP: 15/98 MP: 0/0
 13183 | D:9      | Identified the +9 trident of Woopof {pain, rElec rF+}
 13195 | D:10     | Entered Level 10 of the Dungeon
 14081 | D:10     | Identified the +5 ring mail of Limited Liability {Int+8
                  | Dex+3}
 14255 | D:11     | Noticed a two-headed ogre
 14261 | D:11     | Killed a two-headed ogre
 14301 | D:11     | Noticed a two-headed ogre
 14306 | D:11     | Killed a two-headed ogre
 14503 | D:11     | Reached skill level 11 in Spellcasting
 14503 | D:11     | Reached skill level 11 in Conjurations
 14503 | D:11     | Reached skill level 11 in Hexes
 14503 | D:11     | Reached skill level 11 in Summonings
 14503 | D:11     | Reached skill level 11 in Necromancy
 14503 | D:11     | Reached skill level 11 in Translocations
 14503 | D:11     | Reached skill level 11 in Fire Magic
 14503 | D:11     | Reached skill level 11 in Ice Magic
 14503 | D:11     | Reached skill level 11 in Air Magic
 14503 | D:11     | Reached skill level 11 in Earth Magic
 14503 | D:11     | Reached skill level 11 in Alchemy
 14513 | D:11     | Reached skill level 14 in Fighting
 15192 | D:12     | Reached **** piety under the Shining One
 15225 | D:12     | Noticed a two-headed ogre
 15230 | D:12     | Killed a two-headed ogre
 15260 | D:12     | Found a gate leading to a gauntlet.
 15269 | Gauntlet | Entered a Gauntlet
 15269 | Gauntlet | Found a transporter.
 15269 | Gauntlet | Found a transporter.
 15275 | Gauntlet | Found a transporter.
 15279 | Gauntlet | Found a runed translucent gate.
 15282 | Gauntlet | Found a runed translucent gate.
 15282 | Gauntlet | Found a runed translucent gate.
 15290 | Gauntlet | Found a transporter.
 15308 | Gauntlet | Found a transporter.
 15308 | Gauntlet | Found a transporter.
 15311 | Gauntlet | Found a transporter.
 15311 | Gauntlet | Found a transporter.
 15311 | Gauntlet | Found a transporter.
 15325 | Gauntlet | Found a transporter.
 15342 | Gauntlet | Found a runed translucent door.
 15343 | Gauntlet | Found a transporter.
 15345 | Gauntlet | Found a runed translucent door.
 15353 | Gauntlet | Found a transporter.
 15368 | Gauntlet | Found a transporter.
 15388 | Gauntlet | Found a transporter.
 15675 | Gauntlet | Reached XP level 13. HP: 103/106 MP: 0/0
 15675 | Gauntlet | Learned a level 5 spell: Iskenderun's Battlesphere
 15825 | Gauntlet | Identified the scarf "Ysynkasm" {shadows, Stlth+}
 15901 | Gauntlet | Noticed a minotaur
 15913 | Gauntlet | Mangled by a minotaur

Vanquished Creatures
  A centaur warrior (D:9)
  4 two-headed ogres
  4 skeletal warriors (D:9)
  A cyclops (D:11)
  2 manticores
  A wolf spider (Gauntlet)
  A moth of wrath (Gauntlet)
  A large abomination (Gauntlet)
  A gargoyle (D:9)
  2 unseen horrors (D:10)
  A komodo dragon (D:10)
  Psyche (D:8)
  3 trolls
  Grinder (D:6)
  5 slime creatures
  A shadow (D:10)
  A basilisk (D:8)
  3 wraiths
  8 yaks
  4 wyverns
  6 small abominations (Gauntlet)
  Grum (D:8)
  3 redbacks (Gauntlet)
  2 vampire mosquitoes (D:12)
  Menkaure (D:7)
  An acid dragon (D:11)
  A water moccasin (D:7)
  A black bear (D:6)
  4 ice beasts
  2 orc warriors
  3 sky beasts
  2 ogres
  3 wolves (D:8)
  3 centaurs
  3 phantoms
  6 kobold brigands
  2 brain worms (Sewer)
  A gnoll sergeant (D:10)
  3 bullfrogs
  4 scorpions
  6 wights
  2 troll zombies (D:9)
  11 killer bees
  5 howler monkeys
  3 crimson imps (D:6)
  4 hounds
  6 jellies
  A gnoll bouda (D:8)
  5 orc priests
  2 sleepcaps
  Ijyb (D:4)
  5 iguanas
  11 orc wizards
  6 ogre zombies (D:9)
  34 gnolls
  9 adders
  2 river rats (Sewer)
  A shadow imp (D:5)
  2 ufetubi (D:6)
  A ribbon worm (D:6)
  A dart slug (D:3)
  53 orcs
  3 endoplasms
  3 giant cockroaches
  4 gnoll zombies (D:9)
  9 goblins
  3 hobgoblins
  16 jackals
  2 quokkas
  9 ball pythons
  2 bats
  6 frilled lizards
  A gnoll skeleton (D:9)
  20 kobolds
  3 orc skeletons (D:9)
  17 orc zombies (D:9)
  9 rats
376 creatures vanquished.

Table legend: (Time is in decaauts)
 A = Elapsed time spent in this place.
 B = Non-inter-level travel time spent in this place.
 C = Inter-level travel time spent in this place.
 D = Time resting spent in this place.
 E = Time spent auto-exploring this place.
 F = Levels seen in this place.
 G = Mean time per level.
                   A        B        C        D        E       F      G
               +--------+--------+--------+--------+--------+-----+--------+
         Total |  15936 |  15516 |    420 |   3183 |   9291 |  16 |  996.0 |
       Dungeon |  14112 |  13697 |    415 |   2587 |   8700 |  12 | 1176.0 |
        Temple |      9 |      4 |      5 |      0 |      0 |   1 |    9.0 |
         Sewer |    649 |    649 |      0 |    117 |    399 |   1 |  649.0 |
        Bailey |    520 |    520 |      0 |    357 |     67 |   1 |  520.0 |
      Gauntlet |    643 |    643 |      0 |    122 |    125 |   1 |  643.0 |
               +--------+--------+--------+--------+--------+-----+--------+

Top non-repeatable levels by time:
     D:3: 2108 daAuts
     D:7: 1728 daAuts
     D:9: 1561 daAuts
     D:8: 1523 daAuts
     D:6: 1104 daAuts
     D:5: 1104 daAuts
     D:1: 1076 daAuts
    D:10: 1017 daAuts
     D:4: 936 daAuts
     D:2: 897 daAuts
    D:11: 804 daAuts
   Sewer: 649 daAuts
Gauntlet: 643 daAuts
  Bailey: 520 daAuts
    D:12: 250 daAuts

Table legend:
 A = Non-vault XP
 B = Vault XP
 C = Vault XP percentage of total XP
 D = Non-vault monster count
 E = Vault monster count
 F = Vault count percentage of total count
                 A         B        C        D         E       F
            +---------+---------+-------+---------+---------+-------
      Total |   18706 |    9880 |  34.6 |     201 |     175 |  46.5
            +---------+---------+-------+---------+---------+-------
        D:1 |      19 |       0 |   0.0 |      12 |       0 |   0.0
        D:2 |      86 |       0 |   0.0 |      19 |       0 |   0.0
        D:3 |      56 |     818 |  93.6 |      15 |      56 |  78.9
        D:4 |     373 |      38 |   9.2 |      18 |       1 |   5.3
        D:5 |     588 |       0 |   0.0 |      21 |       0 |   0.0
        D:6 |     904 |     420 |  31.7 |      14 |       5 |  26.3
        D:7 |     908 |     165 |  15.4 |      11 |       1 |   8.3
        D:8 |    1203 |    2466 |  67.2 |      29 |      15 |  34.1
        D:9 |    4920 |    1789 |  26.7 |      10 |      42 |  80.8
       D:10 |    3095 |       0 |   0.0 |      22 |       0 |   0.0
       D:11 |    3632 |       0 |   0.0 |      14 |       0 |   0.0
       D:12 |    2699 |       0 |   0.0 |      15 |       0 |   0.0
      Sewer |       0 |     295 | 100.0 |       0 |      23 | 100.0
     Bailey |       0 |     631 | 100.0 |       0 |      16 | 100.0
   Gauntlet |     223 |    3258 |  93.6 |       1 |      16 |  94.1
            +---------+---------+-------+---------+---------+-------
